 Dungeon Crawl Stone Soup version 0.30-a0-737-gf23d94013f (webtiles) character file.

Game seed: 11820790907696837197

32 bmack86 the Covered (level 3, 0/33 HPs)
             Began as a Minotaur Fighter on Feb 3, 2023.
             Slain by Sigmund
             ... wielding a +0 scythe
              (4 damage)
             ... on level 1 of the Dungeon.
             The game lasted 00:02:45 (1062 turns).

bmack86 the Covered (Minotaur Fighter)              Turns: 1062, Time: 00:02:45

Health: 0/33       AC:  7    Str: 22    XL:     3   Next: 8%
Magic:  2/2        EV:  9    Int:  5    God:
Gold:   28         SH:  4    Dex:  9    Spells: 2/2 levels left

rFire   . . .      SeeInvis .    a - +0 war axe
rCold   . . .      Faith    .    c - +0 buckler
rNeg    . . .      Spirit   .    b - +0 scale mail
rPois   .          Reflect  .    (helmet restricted)
rElec   .          Harm     .    (no cloak)
rCorr   .          Rampage  .    (no gloves)
Will    .....                    (no boots) Stlth
                                 (no amulet)
HPRegen 0.25/turn                (no ring)
MPRegen 0.08/turn                (no ring)

@: no status effects
A: horns 2, retaliatory headbutt
a: no special abilities


You were on level 1 of the Dungeon.
You visited 1 branch of the dungeon, and saw 2 of its levels.

You collected 28 gold pieces.

Inventory:

Hand Weapons
 a - a +0 war axe (weapon)
Missiles
 e - 2 poisoned darts
 h - a boomerang (quivered)
Armour
 b - a +0 scale mail (worn)
 c - a +0 buckler (worn)
Wands
 j - a wand of light (9)
Scrolls
 i - a scroll of poison {unknown}
Potions
 d - a potion of might
 f - a potion of ambrosia {unknown}
 g - a potion of curing


   Skills:
 + Level 3.9 Fighting
 * Level 3.2 Axes
 + Level 0.4 Throwing
 + Level 4.0 Armour
 + Level 3.9 Shields


You had 2 spell levels left.
You didn't know any spells.
Your spell library contained the following spells:

 Spells                   Type           Power      Damage    Failure   Level
 Tukima's Dance           Hex            0%         N/A       99%         3
 Passage of Golubria      Tloc           0%         N/A       100%        4
 Yara's Violent Unravell  Hex/Tmut       0%         3d3       100%        5


Dungeon Overview and Level Annotations

Branches:
Dungeon (2/15)

Altars:

Shops:
D:1 *

Annotations:
D:1 Sigmund


Innate Abilities, Weirdness & Mutations

You have a pair of horns on your head.
You reflexively headbutt those who attack you in melee.


Message History

Sigmund flickers and vanishes!
Deactivating autopickup; reactivate with Ctrl-A.
You feel less confused.
There is a stone staircase leading up here.
You hear some strange, mumbled words.
You are confused.
You bump into the rock wall.
You bump into the rock wall.
Something hits you.
You bump into the rock wall.
You hear some strange, mumbled words.
Something tries to affect you, but you resist.
Something hits you.
There is a stone staircase leading up here.
You miss something. Something hits you.
In your confused state, you trip and fall back down the stairs.
You feel less confused. Something hits you but does no damage.
Something hits you.
You climb upwards.
Reactivating autopickup.
There is a stone staircase leading down here.
Deactivating autopickup; reactivate with Ctrl-A.
You barely miss something. You barely miss something.
Your headbutt misses something. Something hits you.
You closely miss something. Something hits you!
You miss something. Your headbutt misses something. Something hits you!
* * * LOW HITPOINT WARNING * * *
You closely miss something. Something hits you but does no damage.
You closely miss something. Something hits you but does no damage.
You miss something. Your headbutt misses something.
You hear some strange, mumbled words.
Something tries to affect you, but you resist.
You hit something but do no damage. Something hits you.
* * * LOW HITPOINT WARNING * * *
You closely miss something. You block something's attack.
You barely miss something. Something hits you.
* * * LOW HITPOINT WARNING * * *
You closely miss something. Something hits you but does no damage.
You barely miss something. Something hits you.
You die...

#.# #.....#
###.###.## #.#
####### #.## ##.#
#.# ##.###.## #.#
##.#.## #.# ##.##
#.#### #.# .....#
#.# .#.#.# ######.#
###..#######...{@.#
# ##.........######
###..#########
.#...# #.#### ###


There were no monsters in sight!

Vanquished Creatures
  A dart slug (D:1)
  5 endoplasms (D:1)
  4 giant cockroaches
  A goblin (D:2)
  3 hobgoblins
  2 kobolds
  3 ball pythons
  3 bats (D:1)
  3 frilled lizards
  2 rats (D:1)
27 creatures vanquished.

Notes
Turn   | Place    | Note
-------+----------+-------------------------------------------
     0 | D:1      | bmack86 the Minotaur Fighter began the quest for the Orb.
     0 | D:1      | Reached XP level 1. HP: 19/19 MP: 0/0
    85 | D:1      | Reached XP level 2. HP: 27/27 MP: 1/1
   250 | D:1      | Found Tuohipok's Assorted Antiques.
   579 | D:1      | Reached skill level 4 in Armour
   889 | D:2      | Reached XP level 3. HP: 33/33 MP: 2/2
   942 | D:2      | Found a faded altar of an unknown god.
  1032 | D:2      | Noticed Sigmund
  1062 | D:1      | Slain by Sigmund

Illustrated notes

Levels and vault maps discovered:
D:1:      dpeg_arrival_boxes_within_box, layout_loops_cross, serial_shops,
          nicolae_shop_trees
D:2:      layout_basic, shapermc_ecumenical_altar_ellora, uniq_jessica,
          uniq_sigmund

Skill      XL: |  1  2 |
---------------+-------+-----
Axes           | 3 |  3.2
Armour         | 4 |  4.0
Fighting       | |  3.9
Throwing       | |  0.4
Shields        | |  3.9

Action                     || total
---------------------------++-------
  Melee: War axe           ||    69
         Headbutt          ||     7
  Throw: Boomerang         ||     4
    Use: Scroll            ||     2
 Armour: Scale mail        ||    35
  Dodge: Dodged            ||    30
  Block: Buckler           ||    12

Table legend: (Time is in decaauts)
 A = Elapsed time spent in this place.
 B = Non-inter-level travel time spent in this place.
 C = Inter-level travel time spent in this place.
 D = Time resting spent in this place.
 E = Time spent auto-exploring this place.
 F = Levels seen in this place.
 G = Mean time per level.
                   A        B        C        D        E       F      G
               +--------+--------+--------+--------+--------+-----+--------+
         Total |   1089 |   1036 |     53 |      0 |    732 |   2 |  544.5 |
       Dungeon |   1089 |   1036 |     53 |      0 |    732 |   2 |  544.5 |
               +--------+--------+--------+--------+--------+-----+--------+

Top non-repeatable levels by time:
     D:1: 842 daAuts
     D:2: 247 daAuts
